 Dungeon Crawl Stone Soup version 0.28-a0-514-g0d7ab7f379 (webtiles) character file.

Game seed: 2971081088905486273

328 wakim the Twirler (level 6, -12/51 HPs)
             Began as a Palentonga Gladiator on Sept 22, 2021.
             Was an Initiate of Nemelex Xobeh.
             Mangled by an ogre (18 damage)
             ... on level 3 of the Dungeon.
             The game lasted 00:09:15 (2940 turns).

wakim the Twirler (Palentonga Gladiator)            Turns: 2940, Time: 00:09:15

Health: -12/51     AC:  7    Str: 19    XL:     6   Next: 25%
Magic:  6/6        EV: 10    Int:  8    God:    Nemelex Xobeh [......]
Gold:   50         SH:  0    Dex: 12    Spells: 5/5 levels left

rFire   . . .      SeeInvis +   b - +2 dagger (venom)
rCold   . . .      Faith    .   (no shield)
rNeg    . . .      Spirit   .   m - +2 leather armour {Will+}
rPois   .          Reflect  .   c - +0 helmet
rElec   .          Harm     .   (no cloak)
rCorr   .          Rampage  .   (no gloves)
Will    +....                   (no barding)
Stlth   +.........              (no amulet)
HPRegen 0.17/turn               (no ring)
MPRegen 0.10/turn               (no ring)

@: no status effects
A: large, rugged brown scales 3, see invisible, deformed body, roll 1, armoured
tail
a: Rolling Charge, Renounce Religion, Draw Escape, Draw Destruction, Draw
Summoning


You were on level 3 of the Dungeon.
You worshipped Nemelex Xobeh.
Nemelex Xobeh was noncommittal.
You visited 1 branch of the dungeon, and saw 4 of its levels.

You collected 50 gold pieces.

Inventory:

Hand Weapons
 a - a +0 quarterstaff
 b - a +2 dagger of venom (weapon)
Missiles
 d - 3 throwing nets {=f!f}
Armour
 c - a +0 helmet (worn)
 g - a +0 tower shield
 i - a +0 buckler
 m - a +2 leather armour of willpower (worn)
Scrolls
 f - a scroll of torment {unknown}
 h - 2 scrolls of amnesia {unknown}
 j - a scroll of enchant weapon {unknown}
 k - a scroll of noise {unknown}
 n - a scroll of fear {unknown}
 T - 2 scrolls of teleportation
Potions
 e - a potion of heal wounds {unknown}
 C - a potion of berserk rage {!q}
 E - a potion of cancellation
 F - a potion of curing
 H - a potion of haste
 L - a potion of lignification {!q}


   Skills:
 + Level 4.0 Fighting
 * Level 6.0 Staves
 - Level 1.3 Throwing
 - Level 2.4 Dodging
 + Level 0.4 Invocations


You had 5 spell levels left.
You didn't know any spells.
Your spell library contained the following spells:

 Spells                   Type           Power      Damage    Failure   Level
 Corpse Rot               Necr/Air       N/A        N/A       61%         2
 Poisonous Vapours        Pois/Air       0%         N/A       61%         2
 Slow                     Hex            0%         N/A       61%         2
 Confusing Touch          Hex            0%         N/A       83%         3
 Vampiric Draining        Necr           0%         2d6       83%         3


Dungeon Overview and Level Annotations

Branches:
Dungeon (4/15)
 Temple: D:4-7

Altars:
Fedhas
Nemelex Xobeh

Annotations:
D:2 Crazy Yiuf


Innate Abilities, Weirdness & Mutations

You are completely covered in rugged brown scales. (AC +3, +7% HP)
You have supernaturally acute eyesight. (SInv)
Armour fits poorly on your strangely shaped body.
You can roll at nearby foes to attack.
You have a long armoured tail.


Message History

You closely miss the iguana.
Your tail-slap misses the iguana.
The iguana bites you.
Your +2 dagger of venom begins to drip with poison!
b - a +2 dagger of venom (weapon)
The iguana barely misses you.
You hit the iguana.
The iguana is poisoned.
The iguana is lightly wounded.
The iguana barely misses you.
You hit the iguana but do no damage.
The iguana looks as sick as possible!
The iguana is lightly wounded.
The iguana bites you.
* * * LOW HITPOINT WARNING * * *
You kill the iguana!
Your Staves skill increases to level 6!
HP restored.
Done exploring.
Unknown command.
You see here an iguana corpse.
Your +2 dagger of venom stops dripping with poison.
a - a +0 quarterstaff (weapon)
There is a stone staircase leading down here.
You see here a +1 dagger of holy wrath.
You see here a +1 dagger of holy wrath.
There is a stone staircase leading down here.
You climb downwards.
The ogre hits you with a +0 giant spiked club!!
There is a stone staircase leading up here.
You climb upwards.
There is a stone staircase leading down here.
Your +2 dagger of venom begins to drip with poison!
b - a +2 dagger of venom (weapon)
The ogre hits you with a +0 giant spiked club!!
Ouch! That really hurt!
* * * LOW HITPOINT WARNING * * *
Okay, then.
You hit the ogre.
The ogre is poisoned.
The ogre is lightly wounded.
The ogre hits you with a +0 giant spiked club!!
You die...
Your body disappears without a glow.

#.## #......# #.#
#......# #.###
####.### #...#
#####.#### #)#.#
#....†.).#
####.#.#####........#
.........)).........#
.###.#.#####)...O...#
........####...(@...#
#.##.#.........#)####
........######.#.#
...............#.#####
.##########.....<....#
## #..........#
#..........#
##.........#
#(........#


You could see an ogre (very poisoned).

Vanquished Creatures
  A necrophage (D:2)
  Jessica (D:3)
  An iguana (D:3)
  An orc wizard (D:3)
  Robin (D:2)
  4 gnolls
  3 adders (D:3)
  A worm (D:3)
  2 dart slugs
  5 orcs (D:3)
  8 bats
  6 endoplasms
  A giant cockroach (D:4)
  13 goblins
  10 hobgoblins
  A quokka (D:4)
  5 ball pythons
  3 frilled lizards
  10 kobolds
  A quokka skeleton (D:4)
  8 rats
86 creatures vanquished.

Vanquished Creatures (others)
  3 fungi (D:2)
3 creatures vanquished.

Grand Total: 89 creatures vanquished

Notes
Turn   | Place    | Note
-------+----------+-------------------------------------------
     0 | D:1      | wakim the Palentonga Gladiator began the quest for the Orb.
     0 | D:1      | Reached XP level 1. HP: 17/17 MP: 1/1
   117 | D:1      | Reached XP level 2. HP: 18/23 MP: 2/2
   234 | D:1      | You fall into a shaft and drop 1 floor!
   378 | D:2      | Found a sparkling altar of Nemelex Xobeh.
   572 | D:1      | Reached XP level 3. HP: 27/29 MP: 3/3
  1089 | D:1      | Reached skill level 4 in Staves
  1225 | D:2      | Reached XP level 4. HP: 36/36 MP: 4/4
  1256 | D:2      | Became a worshipper of Nemelex Xobeh the Trickster
  1280 | D:2      | Found a faded altar of an unknown god.
  1520 | D:2      | Found a runed translucent door.
  1521 | D:2      | Noticed Crazy Yiuf
  1860 | D:3      | Noticed a necrophage
  1867 | D:2      | Killed a necrophage
  1868 | D:2      | Reached skill level 5 in Staves
  1868 | D:2      | Reached XP level 5. HP: 40/43 MP: 5/5
  1897 | D:3      | Noticed Robin
  2054 | D:2      | Killed Robin
  2217 | D:3      | Noticed Jessica
  2220 | D:3      | Killed Jessica
  2360 | D:3      | Found a blossoming altar of Fedhas.
  2379 | D:3      | Reached XP level 6. HP: 47/51 MP: 6/6
  2575 | D:3      | Found a sparkling altar of Nemelex Xobeh.
  2778 | D:3      | Reached skill level 6 in Staves
  2940 | D:3      | Mangled by an ogre

Illustrated notes

Levels and vault maps discovered:
D:1:      dpeg_arrival_snail, layout_basic, minmay_pentomino_w4
D:2:      layout_basic, hellmonk_ecumenical_altar_arch_garden, basic_altar,
          minmay_misc_feat_x, uniq_crazy_yiuf_cottage
D:3:      layout_rooms, mainiacjoe_overflow_small_starburst,
          nemelex_spade_bored_becter, uniq_robin, uniq_jessica
D:4:      layout_loops_ring, serial_shops, shop

Skill      XL: |  1  2  3  4  5  6 |
---------------+-------------------+-----
Staves         | 4 5 6 |  6.0
Fighting       | 3 4 |  4.0
Throwing       | |  1.3
Dodging        | |  2.4
Invocations    | |  0.4

Action                   |  1- 3 |  4- 6 || total
-------------------------+-------+-------++-------
Melee: Quarterstaff      |    83 |   115 ||   198
       Tailslap          |     8 |    11 ||    19
       Dagger            |       |     3 ||     3
 Abil: Rolling Charge    |    22 |    26 ||    48
  Use: Scroll            |     5 |     1 ||     6
Armor: Leather armour    |    16 |     6 ||    22
       Ring mail         |    21 |    30 ||    51
Dodge: Dodged            |    56 |    56 ||   112

Table legend: (Time is in decaauts)
 A = Elapsed time spent in this place.
 B = Non-inter-level travel time spent in this place.
 C = Inter-level travel time spent in this place.
 D = Time resting spent in this place.
 E = Time spent auto-exploring this place.
 F = Levels seen in this place.
 G = Mean time per level.
                   A        B        C        D        E       F      G
               +--------+--------+--------+--------+--------+-----+--------+
         Total |   2966 |   2766 |    200 |    645 |   1524 |   4 |  741.5 |
       Dungeon |   2966 |   2766 |    200 |    645 |   1524 |   4 |  741.5 |
               +--------+--------+--------+--------+--------+-----+--------+

Top non-repeatable levels by time:
     D:1: 1347 daAuts
     D:3: 850 daAuts
     D:2: 740 daAuts
     D:4: 27 daAuts
